 Dungeon Crawl Stone Soup version 0.23-a0-54-gae6112e (webtiles) character file.

10364 GroovyGamera the Grappler (level 11, -7/115 HPs)
             Began as a Troll Monk on Aug 8, 2018.
             Was a High Priest of the Shining One.
             Mangled by a ten-headed hydra (9 damage)
             ... on level 11 of the Dungeon.
             The game lasted 00:22:49 (8856 turns).

GroovyGamera the Grappler (Troll Monk)              Turns: 8856, Time: 00:22:50

Health: -7/115     AC:  7    Str: 21    XL:     11   Next: 35%
Magic:  17/17      EV: 11    Int:  6    God:    the Shining One [*****.]
Gold:   606        SH:  0    Dex: 15    Spells: 10/10 levels left

rFire    x . .     SeeInvis .     - Unarmed
rCold    + + .     Gourm    +   (no shield)
rNeg     + + .     Faith    .   u - +1 robe {MR+}
rPois    .         Spirit   .   (helmet restricted)
rElec    .         Reflect  .   r - +0 cloak
rCorr    .         Harm     .   (gloves unavailable)
MR       +....                  (boots unavailable)
Stlth    +.........             (no amulet)
HPRegen  0.69/turn              B - ring of protection from cold
MPRegen  0.15/turn              F - ring of ice

@: glowing
A: large, unfitting armour, claws 3, fast metabolism 3, gourmand, regeneration
1, shaggy fur 1, tough skin 2
a: Divine Shield, Cleansing Flame, Summon Divine Warrior, Renounce Religion


You were on level 11 of the Dungeon.
You worshipped the Shining One.
The Shining One was extremely pleased with you.
You were completely stuffed.

You visited 1 branch of the dungeon, and saw 11 of its levels.

You collected 688 gold pieces.
You spent 82 gold pieces at shops.

Inventory:

Hand Weapons
 e - a +3 battleaxe
Missiles
 i - 94 bolts
 A - 19 tomahawks (quivered)
Armour
 r - a +0 cloak (worn)
 u - a +1 robe of magic resistance (worn)
Jewellery
 B - a ring of protection from cold (left claw)
 E - an uncursed ring of ice
 F - a ring of ice (right claw)
 G - a cursed ring of teleportation {unknown}
 H - an uncursed ring of poison resistance {unknown}
Wands
 g - a wand of flame (20)
 D - a wand of digging (11)
 I - a wand of iceblast (3)
Scrolls
 a - 5 scrolls of enchant armour
 c - 3 scrolls of amnesia
 f - a scroll of fog {unknown}
 h - 4 scrolls of teleportation
 j - 3 scrolls of enchant weapon {unknown}
 k - 2 scrolls of immolation {unknown}
 n - a scroll of fear {unknown}
 o - a scroll of identify
 s - a scroll of remove curse
 x - 4 scrolls of magic mapping {unknown}
 y - a scroll of blinking {unknown}
Potions
 d - 5 potions of curing
 l - 2 potions of agility {unknown}
 m - 2 potions of haste
 p - 3 potions of flight
 q - a potion of mutation {unknown}
 t - 2 potions of lignification {unknown}
 v - a potion of invisibility
 w - 2 potions of magic {unknown}
 z - 2 potions of brilliance {unknown}
 C - a potion of might {unknown}
Comestibles
 b - 24 rations
 J - 17 chunks of flesh


   Skills:
 + Level 9.2 Fighting
 - Level 2.4 Dodging
 - Level 1.0 Stealth
 + Level 10.8 Unarmed Combat
 + Level 9.4 Invocations


You had 10 spell levels left.
You didn't know any spells.
Your spell library was empty.

Dungeon Overview and Level Annotations

Branches:
Dungeon (11/15)            Temple (0/1) D:4            Lair (0/6) D:9
    Orc (0/2) D:9

Altars:
Dithmenos
Fedhas
Gozag
Hepliaklqana
Nemelex Xobeh
Okawaru
Qazlal
Sif Muna
Trog
Uskayaw
The Shining One

Shops:
D:6 ?


Innate Abilities, Weirdness & Mutations

You are too large for most types of armour.
You have claws for hands.
Your metabolism is lightning-fast.
You like to eat raw meat.
Your natural rate of healing is unusually fast.
You are covered in fur. (AC +1)
You have very tough skin. (AC +2)


Message History

The eight-headed hydra is heavily wounded.
You claw one of the eight-headed hydra's heads off!
The seven-headed hydra grows two more!
You claw the nine-headed hydra!
The nine-headed hydra is heavily wounded.
The nine-headed hydra bites you. The nine-headed hydra misses you.
The nine-headed hydra bites you! x3
The nine-headed hydra bites you but does no damage. x2
The nine-headed hydra bites you! x2
* * * LOW HITPOINT WARNING * * *
You tear one of the nine-headed hydra's heads off!
The eight-headed hydra grows two more!
You claw the ten-headed hydra!
The ten-headed hydra is heavily wounded.
The ten-headed hydra bites you!
* * * LOW HITPOINT WARNING * * *
The ten-headed hydra bites you!
* * * LOW HITPOINT WARNING * * *
The ten-headed hydra completely misses you.
The ten-headed hydra closely misses you.
The ten-headed hydra bites you!
You die...

... ..# .. ..# ..
... #. #.# ##
##s######.# ...
..##.......#.# #..
#.....D.#.#.######
#.. #.@..........##
#.. #.#.#.....(...#
#..
#.#.#..#####..###..
..#.#..# #........
.#.#.#..# #.>.###).
#.#.#...........#
#.. #
#.###....##...###..
.. #......>.......
.. ####..###.#


You could see a ten-headed hydra and a scorpion.

Vanquished Creatures
  Harold (D:7)
  A two-headed ogre (D:10)
  Pikel (D:4)
  An oklob plant (D:5)
  A tengu conjurer (D:9)
  A hippogriff (D:9)
  Sigmund (D:3)
  7 yaks
  A wyvern (D:9)
  A hungry ghost (D:8)
  2 water moccasins
  Duvessa (D:5)
  2 sky beasts
  2 black bears (D:10)
  A slave (D:5)
  3 orc warriors (D:11)
  4 ice beasts
  3 phantoms
  2 centaurs
  3 crocodiles
  A big kobold (D:8)
  3 bullfrogs
  4 earth elementals
  3 killer bees (D:7)
  17 wights
  The ghost of ghOMEGALULst the Stinger, a weakling FoVM (D:10)
  5 howler monkeys
  2 crimson imps
  8 hounds
  4 jellies
  4 orc priests
  A bullfrog skeleton (D:8)
  12 orc wizards
  Crazy Yiuf (D:3)
  Natasha (thrice) (D:4)
  2 iguanas
  8 worker ants
  A hound zombie (D:11)
  A hound skeleton (D:4)
  Robin (D:3)
  A howler monkey zombie (D:11)
  13 adders
  7 gnolls
  2 shadow imps
  2 oozes
  An adder skeleton (D:8)
  5 worms
  2 dart slugs (D:1)
  6 leopard geckos
  32 orcs
  7 bats
  2 giant cockroaches
  6 goblins
  12 hobgoblins
  11 jackals
  3 quokkas
  A ball python (D:3)
  4 frilled lizards
  17 kobolds
  2 leopard gecko skeletons (D:4)
  A leopard gecko zombie (D:5)
  A quokka zombie (D:5)
  5 rats
  6 fungi (D:5)
  16 plants (D:5)
286 creatures vanquished.

Vanquished Creatures (collateral kills)
  Fannar (D:10)
  A two-headed ogre (D:10)
  Joseph (D:10)
  An orc warrior (D:10)
  A centaur (D:10)
  4 orc wizards (D:10)
  A hound zombie (D:10)
  An adder (D:10)
11 creatures vanquished.

Vanquished Creatures (others)
  A slave (D:5)
  Dowan (D:5)
  An orc wizard (D:5)
  An adder (D:5)
  An orc (D:5)
  A withered plant (D:10)
6 creatures vanquished.

Grand Total: 303 creatures vanquished

Notes
Turn   | Place    | Note
-------+----------+-------------------------------------------
     0 | D:1      | GroovyGamera the Troll Monk began the quest for the Orb.
     0 | D:1      | Reached XP level 1. HP: 22/22 MP: 0/0
   121 | D:1      | Reached XP level 2. HP: 29/29 MP: 1/1
   335 | D:1      | Reached XP level 3. HP: 37/37 MP: 2/2
   785 | D:2      | Found a sparkling altar of Nemelex Xobeh.
   786 | D:2      | Found an iron altar of Okawaru.
   787 | D:2      | Found an opulent altar of Gozag.
   788 | D:2      | Found a glowing golden altar of the Shining One.
   795 | D:2      | Found a hazy altar of Hepliaklqana.
   811 | D:2      | Became a worshipper of the Shining One
   811 | D:2      | Reached * piety under the Shining One
   811 | D:2      | Reached ** piety under the Shining One
   996 | D:2      | Reached skill level 4 in Unarmed Combat
  1016 | D:2      | Reached XP level 4. HP: 45/45 MP: 3/3
  1280 | D:2      | Found a faded altar of an unknown god.
  1344 | D:2      | Reached skill level 1 in Invocations
  1872 | D:3      | Noticed Robin
  1886 | D:3      | Killed Robin
  1886 | D:3      | Reached XP level 5. HP: 42/53 MP: 3/5
  2050 | D:3      | Noticed Sigmund
  2060 | D:3      | Killed Sigmund
  2060 | D:3      | Reached XP level 6. HP: 37/62 MP: 6/6
  2195 | D:3      | Found a runed door.
  2199 | D:3      | Noticed Crazy Yiuf
  2204 | D:3      | Killed Crazy Yiuf
  2204 | D:3      | Reached skill level 5 in Unarmed Combat
  2373 | D:3      | Found a shadowy altar of Dithmenos.
  2383 | D:3      | Found a hide-covered altar of Uskayaw.
  2447 | D:4      | Found a staircase to the Ecumenical Temple.
  2703 | D:4      | Noticed Natasha
  2711 | D:4      | Killed Natasha
  2711 | D:4      | Reached XP level 7. HP: 63/71 MP: 8/8
  2744 | D:4      | Noticed Natasha
  2877 | D:4      | Killed Natasha
  2879 | D:4      | Noticed Natasha
  2884 | D:4      | Killed Natasha
  3280 | D:5      | Entered Level 5 of the Dungeon
  3280 | D:5      | Noticed Pikel
  3280 | D:5      | Reached *** piety under the Shining One
  3306 | D:4      | Killed Pikel
  3306 | D:4      | Reached skill level 5 in Fighting
  3306 | D:4      | Reached skill level 6 in Unarmed Combat
  3306 | D:4      | Reached XP level 8. HP: 28/80 MP: 8/10
  3603 | D:5      | Killed Dowan
  3614 | D:5      | Noticed Duvessa
  3629 | D:5      | Killed Duvessa
  3718 | D:5      | Reached skill level 5 in Invocations
  3859 | D:5      | Reached skill level 7 in Unarmed Combat
  3913 | D:5      | Found a blossoming altar of Fedhas.
  3932 | D:5      | Noticed an oklob plant
  3963 | D:5      | Killed an oklob plant
  4108 | D:5      | Found a bloodstained altar of Trog.
  4138 | D:5      | Reached XP level 9. HP: 69/89 MP: 12/12
  4769 | D:6      | Found Ethush's Magic Scroll Emporium.
  4778 | D:6      | Bought a scroll of enchant armour for 82 gold pieces
  5322 | D:7      | Reached skill level 8 in Unarmed Combat
  5555 | D:7      | Noticed Harold
  5571 | D:7      | HP: 5/139 [sky beast (6)]
  5572 | D:7      | Killed Harold
  5931 | D:8      | Reached **** piety under the Shining One
  5939 | D:8      | Reached skill level 9 in Unarmed Combat
  5989 | D:8      | Reached XP level 10. HP: 102/102 MP: 14/14
  6749 | D:9      | Found a staircase to the Orcish Mines.
  6818 | D:9      | Found a staircase to the Lair.
  6968 | D:9      | Found a stormy altar of Qazlal.
  7208 | D:10     | Entered Level 10 of the Dungeon
  7332 | D:10     | Reached ***** piety under the Shining One
  7340 | D:10     | Reached skill level 10 in Unarmed Combat
  7399 | D:10     | Noticed a two-headed ogre
  7552 | D:10     | Killed a two-headed ogre
  7552 | D:10     | Reached XP level 11. HP: 52/113 MP: 13/16
  7657 | D:10     | Noticed Fannar
  7693 | D:10     | Noticed Joseph
  7694 | D:10     | Noticed a two-headed ogre
  7717 | D:10     | Killed a two-headed ogre
  7720 | D:10     | Killed Fannar
  7724 | D:10     | Killed Joseph
  8186 | D:10     | Found a runed door.
  8186 | D:10     | Noticed ghOMEGALULst's ghost (weakling FoVM)
  8193 | D:10     | Killed ghOMEGALULst's ghost
  8805 | D:11     | Found a deep blue altar of Sif Muna.
  8847 | D:11     | Noticed a seven-headed hydra
  8856 | D:11     | HP: 2/115 [ten-headed hydra (12)]
  8856 | D:11     | Mangled by a ten-headed hydra

Vault maps used:
D:1:      erik_arrival_triangle_medium
D:2:      grunt_temple_overflow_open, first_ration,
          chequers_ecumenical_altar_grove
D:3:      amethyst_overflow_temple_binary, minmay_misc_feat_pillars,
          uniq_sigmund, uniq_crazy_yiuf_cottage, uniq_robin
D:4:      minmay_temple_entry_grid, uniq_natasha
D:5:      old_standard_altar, tgw_fedhas, uniq_duvessa, uniq_pikel
D:6:      cheibrodos_iron_armory, serial_shops, shop
D:7:      uniq_harold
D:9:      lemuel_coloured_pillars_altar, david_lair_generic, orc_0_dummy
D:10:     minmay_stone_box, gammafunk_ghost_grave, uniq_joseph, uniq_fannar
D:11:     basic_altar

Skill      XL: |  1  2  3  4  5  6  7  8  9 10 11 |
---------------+----------------------------------+-----
Fighting       | 3 4 5 6 7 8 9 |  9.2
Unarmed Combat | 4 5 6 7 9 10 | 10.8
Invocations    | 1 2 3 4 5 7 8 9 |  9.4
Dodging        | |  2.4
Stealth        | |  1.0

Action                   |  1- 3 |  4- 6 |  7- 9 | 10-12 || total
-------------------------+-------+-------+-------+-------++-------
Melee: Unarmed           |    88 |   121 |   401 |   305 ||   915
       Punch             |     3 |     5 |    31 |    19 ||    58
Invok: Divine Shield     |       |       |       |     3 ||     3
       Summon Divine War |       |       |       |     1 ||     1
Evoke: Wand              |       |       |       |     5 ||     5
  Use: Scroll            |       |       |     9 |     4 ||    13
       Potion            |       |       |     5 |     4 ||     9
 Stab: Sleeping          |     3 |       |       |       ||     3
  Eat: Chunk             |    15 |    15 |    31 |    26 ||    87
Armor: Robe              |    33 |    46 |    58 |    52 ||   189
Dodge: Dodged            |    40 |    78 |   137 |   114 ||   369
Block: Other             |       |       |       |    14 ||    14

Table legend:
 A = Spawn XP
 B = Non-spawn XP
 C = Spawn XP percentage of total XP
 D = Spawn monster count
 E = Non-spawn monster count
 F = Spawn count percentage of total count
 G = Total turns spent on level
                    A         B        C        D         E        F      G
               +---------+---------+-------+---------+---------+-------+---------
         Total |       0 |   14806 |   0.0 |       0 |     274 |   0.0 |  8856
               +---------+---------+-------+---------+---------+-------+---------
           D:1 |       0 |      56 |   0.0 |       0 |      25 |   0.0 |   785
           D:2 |       0 |      84 |   0.0 |       0 |      20 |   0.0 |   858
           D:3 |       0 |     378 |   0.0 |       0 |      28 |   0.0 |   918
           D:4 |       0 |    1038 |   0.0 |       0 |      20 |   0.0 |   811
           D:5 |       0 |    1359 |   0.0 |       0 |      32 |   0.0 |  1344
           D:6 |       0 |     269 |   0.0 |       0 |       8 |   0.0 |   464
           D:7 |       0 |    2140 |   0.0 |       0 |      20 |   0.0 |   725
           D:8 |       0 |    1437 |   0.0 |       0 |      32 |   0.0 |   797
           D:9 |       0 |    2137 |   0.0 |       0 |      24 |   0.0 |   779
          D:10 |       0 |    5078 |   0.0 |       0 |      44 |   0.0 |  1254
          D:11 |       0 |     830 |   0.0 |       0 |      21 |   0.0 |   121
               +---------+---------+-------+---------+---------+-------+---------
